 Seeded DCSS version 0.30.1-9-gdf580d7c3d (webtiles) character file.

Game seed: 6351066067085065685 (custom seed)

24 Esekla the Magician (level 2, -2/15 HPs)
             Began as a Deep Elf Wanderer on Oct 20, 2023.
             Was an Initiate of Vehumet.
             Slain by a black bear (3 damage)
             ... on level 2 of the Dungeon.
             The game lasted 00:16:24 (1151 turns).

Esekla the Magician (Deep Elf Wanderer)             Turns: 1151, Time: 00:16:25

Health: -2/15      AC:  4    Str: 11    XL:     2   Next: 79%
Magic:  8/10       EV: 11    Int: 17    God:    Vehumet [......]
Gold:   143        SH:  3    Dex: 11    Spells: 9/11 levels left

rFire   . . .        a - +1 short sword (freeze)
rCold   . . .        d - +0 buckler
rNeg    . . .        c - +0 robe
rPois   .            l - +0 helmet
rElec   .            (no cloak)
rCorr   .            k - +0 pair of gloves
SInv    .            (no boots)
Will    .....        (no amulet)
Stlth   ++           (no ring)
HPRegen 0.22/turn    (no ring)
MPRegen 0.12/turn

%: no passive effects
@: no status effects
A: no striking features
a: Renounce Religion


You were on level 2 of the Dungeon.
You worshipped Vehumet.
Vehumet was noncommittal.
You visited 1 branch of the dungeon, and saw 4 of its levels.

You collected 143 gold pieces.

Inventory:

Hand Weapons
 a - a +1 short sword of freezing (weapon)
Armour
 c - a +0 robe (worn)
 d - a +0 buckler (worn)
 k - a +0 pair of gloves (worn)
 l - a +0 helmet (worn)
Wands
 i - a wand of roots (8)
Scrolls
 g - a scroll of identify {unknown}
 n - a scroll of amnesia {unknown}
 o - a scroll of enchant armour {unknown}
 q - a scroll of blinking {unknown}
Potions
 b - a potion of lignification
 e - a potion of ambrosia {unknown}
 f - 2 potions of attraction {unknown}
 h - a potion of heal wounds {unknown}
 j - 2 potions of curing {unknown}
 m - a potion of mutation {unknown}
 p - a potion of haste {unknown}


   Skills:
 + Level 0.2 Short Blades
 * Level 1.4 Dodging
 + Level 1.3 Stealth
 + Level 1.5 Shields
 * Level 5.1 Spellcasting
 + Level 0.4 Conjurations
 * Level 0.1 Necromancy
 + Level 2.3 Translocations
 + Level 1.0 Invocations


You had 9 spell levels left.
You knew the following spells:

 Your Spells              Type           Power      Damage    Failure   Level
a - Magic Dart            Conj           20%        1d4       17%         1
p - Apportation           Tloc           24%        N/A       8%          1

Your spell library contained the following spells:

 Spells                   Type           Power      Damage    Failure   Level
 Blink                    Tloc           24%        N/A       12%         2
 Lesser Beckoning         Tloc           24%        N/A       12%         2
 Ignite Poison            Fire/Tmut/Pois 4%         N/A       52%         3
 Vampiric Draining        Necr           4%         2d6       52%         3


Dungeon Overview and Level Annotations

Branches:
Dungeon (4/15)
 Temple: D:4-7

Altars:
Okawaru
Vehumet
Zin

Shops:
D:2 =


Message History

Okay, then.
Casting: Magic Dart (safe; 17% risk of failure)
Confirm with . or Enter, or press ? or * to list all spells.
Aiming: Magic Dart (safe; 17% risk of failure)
Press: ? - help, Shift-Dir - straight line, f - iguana
Aim: an iguana (100% to hit)
The magic dart hits the iguana but does no damage.
Casting: Magic Dart (safe; 17% risk of failure)
Confirm with . or Enter, or press ? or * to list all spells.
You don't know that spell.
Casting: Magic Dart (safe; 17% risk of failure)
Confirm with . or Enter, or press ? or * to list all spells.
You don't know that spell.
Okay, then.
Aiming: Fastroot
Press: ? - help, Shift-Dir - straight line, f/p - iguana
Aim: an iguana The roots erupt in riotous growth!
Roots grab the iguana.
Roots grab the black bear.
The grasping roots constrict the iguana.
The grasping roots constrict the black bear.
You hear a shout!
The black bear barely misses you. The black bear claws you.
You block the black bear's attack. The iguana bites you.
* * * LOW HITPOINT WARNING * * *
Casting: Magic Dart (safe; 17% risk of failure)
Confirm with . or Enter, or press ? or * to list all spells.
Aiming: Magic Dart (safe; 17% risk of failure)
Press: ? - help, Shift-Dir - straight line, f/p - iguana
Aim: an iguana (lightly wounded, constricted by roots, 100% to hit)
The magic dart hits the iguana but does no damage.
The iguana is lightly wounded.
The grasping roots constrict the iguana.
The grasping roots constrict the black bear!
The roots release their grip on the iguana.
The roots release their grip on the black bear.
The black bear bites you.
* * * LOW HITPOINT WARNING * * *
The black bear claws you.
You die...

#..#####.###
#<.........#
#......†.).#
#.######.#.####.
#...........h...
########.#.####
#.#.# #8.#####h#
# +......l@#
#8.#.#####


You could see a black bear and an iguana.

Vanquished Creatures
  An adder (D:2)
  2 endoplasms
  4 goblins
  A hobgoblin (D:3)
  2 bats (D:3)
  2 frilled lizards
  3 kobolds
  A rat (D:2)
16 creatures vanquished.

Notes
Turn   | Place    | Note
-------+----------+-------------------------------------------
     0 | D:1      | Esekla the Deep Elf Wanderer began the quest for the Orb.
     0 | D:1      | Esekla set off with the following items: a +0 club, a
                  | potion of lignification, a +0 robe, a +0 buckler; and the
                  | following spells available to memorise: Apportation, Blink,
                  | Lesser Beckoning, Magic Dart, Ignite Poison, Vampiric
                  | Draining.
     0 | D:1      | Reached XP level 1. HP: 10/10 MP: 7/7
     2 | D:1      | Learned a level 1 spell: Magic Dart
     4 | D:1      | Learned a level 1 spell: Apportation
   237 | D:2      | Found Renulab's Jewellery Shop.
   460 | D:4      | Found a radiant altar of Vehumet.
   468 | D:4      | Found an iron altar of Okawaru.
   482 | D:4      | Found a glowing silver altar of Zin.
   565 | D:4      | Became a worshipper of Vehumet
   793 | D:3      | Reached XP level 2. HP: 15/15 MP: 5/9
   880 | D:2      | Reached skill level 5 in Spellcasting
  1021 | D:2      | Reached skill level 1 in Dodging
  1142 | D:2      | Noticed a black bear
  1151 | D:2      | Slain by a black bear

Illustrated notes

Levels and vault maps discovered:
D:1:      sevenhm_arrival_forest_fort_small_3, layout_rooms,
          chequers_serial_rivers_room_b, minmay_misc_feat_five
D:2:      layout_loops_ring, dreamdust_ecumenical_altar_angels_and_demons,
          serial_shops, shop
D:3:      layout_basic, grunt_temple_overflow_open, minmay_misc_feat_iff
D:4:      layout_basic, nicolae_overflow_quartered_altars, serial_shops,
          nicolae_diamond_shop

Skill      XL: |  1  2 |
---------------+-------+-----
Spellcasting   | 5 |  5.1
Dodging        | 1 |  1.4
Short Blades   | |  0.2
Stealth        | |  1.3
Shields        | |  1.5
Conjurations   | |  0.4
Necromancy     | |  0.1
Translocations | |  2.3
Invocations    | |  1.0

Action                     || total
---------------------------++-------
  Melee: Short sword       ||    19
   Cast: Magic Dart        ||    30
         Apportation       ||    17
  Evoke: Wand              ||     1
    Use: Scroll            ||     1
 Armour: Robe              ||    16
  Dodge: Dodged            ||    11
  Block: Buckler           ||     4
